 Dungeon Crawl Stone Soup version 0.31-a0-771-g505c3d19dc (webtiles) character file.

Game seed: 10554037382923937684

18516 thriggle the Blocker (level 12, 0/115 HPs)
             Began as a Minotaur Berserker on Sept 17, 2023.
             Was a High Priest of Trog.
             Killed by mirror damage (10 damage)
             ... on level 11 of the Dungeon.
             The game lasted 00:37:52 (9382 turns).

thriggle the Blocker (Minotaur Berserker)           Turns: 9382, Time: 00:37:53

Health: 0/115      AC: 22    Str: 25    XL:     12   Next: 28%
Magic:  11/11      EV: 12    Int:  4    God:    Trog [*****.]
Gold:   518        SH: 17    Dex: 15    Spells: 11/11 levels left

rFire   . . .        m - +3 war axe "Yrahizen" {drain, Str+3}
rCold   . . .        j - +0 kite shield
rNeg    . . .        X - +2 chain mail {rPois}
rPois   +            (helmet restricted)
rElec   .            C - +0 cloak
rCorr   .            n - +2 pair of gloves
SInv    .            (no boots)
Will    ++...        q - amulet of reflection
Stlth   x              - +4 ring of protection
HPRegen 0.39/turn    f - ring of willpower
MPRegen 0.12/turn

%: reflection
@: on berserk cooldown, slowed, studying Maces & Flails, very slow
A: horns 2, retaliatory headbutt, strong-willed 1, robust 1
a: Renounce Religion, Berserk, Trog's Hand, Brothers in Arms


You were on level 11 of the Dungeon.
You worshipped Trog.
Trog was extremely pleased with you.
You visited 1 branch of the dungeon, and saw 11 of its levels.
You also visited: Bailey.

You collected 764 gold pieces.
You spent 246 gold pieces at shops.

Inventory:

Hand Weapons
 a - a +0 hand axe of protection
 m - the +3 war axe "Yrahizen" (weapon) {drain, Str+3}
   (You bought it in a shop on level 6 of the Dungeon)

   Str+3:     It affects your strength (+3).
 J - the +3 trident of Sacetaq {venom, rC+ Str+4 Int+2}
   (You found it on level 5 of the Dungeon)

   Str+4:     It affects your strength (+4).
   Int+2:     It affects your intelligence (+2).
   rC+:       It protects you from cold.
 M - a +2 heavy mace
 O - a +3 scimitar of flaming
 U - a +0 dire flail
 V - the +1 spear of Trog's Benevolence {flame, rElec Will+}
   (Trog gifted it to you in a bailey)

   rElec:     It insulates you from electricity.
   Will+:     It increases your willpower.
Missiles
 e - 146 stones
 k - 20 poisoned darts (quivered)
 H - 6 datura-tipped darts
 I - 5 boomerangs
 P - 4 throwing nets
Armour
 i - +0 swamp dragon scales
 j - a +0 kite shield (worn)
 n - a +2 pair of gloves (worn)
 p - the +3 leather armour of the Blind Marksman {rElec MP+9 Int+2}
   (You found it on level 10 of the Dungeon)

   Int+2:     It affects your intelligence (+2).
   rElec:     It insulates you from electricity.
   MP+9:      It affects your magic capacity (+9).
 t - a +0 chain mail
 y - a +0 ring mail of cold resistance
 C - a +0 cloak (worn)
 D - the +2 robe of Negligence {Rampage rC+ rCorr}
   (You found it on level 5 of the Dungeon)

   rC+:       It protects you from cold.
   rCorr:     It protects you from acid and corrosion.
   Rampage:   It bestows one free step when moving towards enemies.
 X - a +2 chain mail of poison resistance (worn)
 Z - a +0 plate armour
Jewellery
 f - a ring of willpower (right hand)
 q - an amulet of reflection (around neck)
 u - an amulet of regeneration
 x - a +4 ring of protection (left hand)
 z - a ring of ice
 L - a ring of fire
Wands
 d - a wand of flame (23)
 s - a wand of roots (14)
 E - a wand of mindburst (14)
Scrolls
 c - 5 scrolls of blinking
 h - 5 scrolls of teleportation
 l - 5 scrolls of fear
 v - 4 scrolls of enchant weapon
 w - 5 scrolls of vulnerability
 G - a scroll of immolation
 Q - a scroll of fog {unknown}
 S - 2 scrolls of acquirement
 W - a scroll of butterflies {unknown}
 Y - 2 scrolls of identify
Potions
 b - 4 potions of heal wounds
 g - 3 potions of attraction
 o - 2 potions of enlightenment
 r - 2 potions of invisibility
 A - a potion of berserk rage
 B - 3 potions of might
 F - a potion of ambrosia
 K - a potion of haste
 N - a potion of brilliance {unknown}
 R - 3 potions of curing
 T - a potion of mutation


   Skills:
 + Level 9.5 Fighting
 + Level 8.9(11.1) Axes
 + Level 10.1(11.5) Maces & Flails
 - Level 2.2(6.0) Polearms
 + Level 6.7 Throwing
 + Level 8.8 Armour
 + Level 8.0 Dodging
 * Level 11.5 Shields
 + Level 5.9 Evocations


You had 11 spell levels left.
You didn't know any spells.
Your spell library was empty.

Dungeon Overview and Level Annotations

Branches:
Dungeon (11/15)            Temple (0/1) D:4            Lair (0/5) D:11
 Bailey (visited)
    Orc: D:9-12

Altars:
Ashenzari
Cheibriados
Elyvilon
Fedhas
Gozag
Hepliaklqana
Makhleb
Nemelex Xobeh
Okawaru
Qazlal
Sif Muna
Uskayaw
Xom
The Shining One

Shops:
D:6 (   D:7 *


Innate Abilities, Weirdness & Mutations

You have a pair of horns on your head.
You reflexively headbutt those who attack you in melee.
You are strong-willed. (Will+)
You are robust. (+10% HP)


Message History

The death knight convulses! x5; Your body is wracked with pain!
* * * LOW HITPOINT WARNING * * *
The tormentor suffers a backlash! x4
The tormentor dies!
A red film seems to cover your vision as you go berserk!
You feel yourself moving faster!
You feel mighty!
The death knight hits you with a +0 halberd!!
* * * LOW HITPOINT WARNING * * *
You slice the death knight!!
You kill the death knight!
Trog accepts your kill.
A death knight comes into view. It is wielding a +4 glaive of flaming.
Found a scroll labelled SERAVVE SYUWIN.
The death knight shouts!
You feel a strong urge to attack something.
The death knight mumbles some strange prayers to Yredelemnul against you.
You resist with almost no effort.
You feel your anger nearly subside.
You are no longer berserk.
You are exhausted.
You feel yourself slow down. You block the death knight's attack.
The death knight attacks as it pursues you!
The death knight hits you from afar with a +4 glaive of flaming!
* * * LOW HITPOINT WARNING * * *
The death knight burns you.
* * * LOW HITPOINT WARNING * * *
You feel much better.
The death knight's dark mirror aura disappears. x2
The death knight calls down the wrath of Yredelemnul upon you.
You resist with almost no effort.
The death knight offers itself to Yredelemnul, and fills with unholy energy.
The death knight hits you with a +4 glaive of flaming!!
* * * LOW HITPOINT WARNING * * *
The death knight burns you.
* * * LOW HITPOINT WARNING * * *
A wraith comes into view.
The death knight closely misses you.
You slash the death knight! Your headbutt misses the death knight.
The death knight is almost dead.
The death knight reflects your damage back at you!
You die...

##.[................
##......###....##########
.......<# ##.............
##....).####.............
#..........#......^.....
#.......####.....)...W..
#......... #......$[.###
########## #.....$######
##########...@!##$==##
####........#...p?#$$.?#p
.....########.....#..[/#W
###### #...p##?):##! ##
#....######/. .#
#...p###.?.. .# #..##.
.... .############.###.
... ...
............#.##... ..
...


You could see 3 death knights and a wraith.

Vanquished Creatures
  Gastronok (D:9)
  Harold (D:11)
  A centaur warrior (D:8)
  Erica (D:8)
  A death knight (D:11)
  A boulder beetle (D:7)
  3 two-headed ogres
  An orc high priest (Bailey)
  An ugly thing (D:7)
  Pikel (D:7)
  A cyclops (D:11)
  Maurice (D:8)
  A kobold demonologist (Bailey)
  Maggie (D:6)
  2 komodo dragons (D:11)
  4 trolls
  A hornet (D:9)
  Prince Ribbit (D:7)
  Sigmund (D:5)
  2 slime creatures (D:7)
  2 wraiths (D:7)
  3 wyverns
  3 vampires
  4 yaks (D:9)
  A basilisk (D:8)
  Grum (D:8)
  2 steam dragons
  An acid dragon (D:11)
  A water moccasin (D:8)
  3 ice beasts
  3 sky beasts
  13 orc warriors
  3 ogres
  6 centaurs
  2 wolves (D:8)
  A lemure (D:7)
  2 phantoms
  2 kobold brigands
  3 gnoll sergeants
  2 bullfrogs (D:8)
  A scorpion (D:7)
  6 wights
  11 killer bees
  6 howler monkeys
  6 electric eels (Bailey)
  2 hounds
  9 orc priests
  4 jellies
  4 iguanas
  2 sleepcaps (D:7)
  8 orc wizards
  Terence (D:3)
  23 gnolls
  7 adders
  A white imp (D:6)
  A worm (D:3)
  5 dart slugs
  26 orcs
  6 ball pythons
  4 endoplasms
  6 giant cockroaches
  16 goblins
  9 hobgoblins
  15 jackals
  3 quokkas
  7 bats
  3 frilled lizards
  10 kobolds
  8 rats
295 creatures vanquished.

Vanquished Creatures (others)
  2 tormentors (D:11)
2 creatures vanquished.

Grand Total: 297 creatures vanquished

Notes
Turn   | Place    | Note
-------+----------+-------------------------------------------
     0 | D:1      | thriggle the Minotaur Berserker began the quest for the
                  | Orb.
     0 | D:1      | Reached XP level 1. HP: 19/19 MP: 0/0
    39 | D:1      | Reached XP level 2. HP: 20/27 MP: 1/1
   365 | D:1      | Reached ** piety under Trog
   410 | D:1      | Reached XP level 3. HP: 33/33 MP: 2/2
  1215 | D:2      | Reached skill level 1 in Throwing
  1225 | D:2      | Reached skill level 1 in Shields
  1416 | D:2      | Reached XP level 4. HP: 37/40 MP: 3/3
  1564 | D:3      | Noticed Terence
  1576 | D:3      | Killed Terence
  1646 | D:3      | Found a glowing golden altar of the Shining One.
  1675 | D:3      | Found a hide-covered altar of Uskayaw.
  1910 | D:3      | Found a faded altar of an unknown god.
  1979 | D:3      | Reached skill level 2 in Shields
  2079 | D:4      | Reached XP level 5. HP: 47/47 MP: 4/4
  2130 | D:4      | Reached *** piety under Trog
  2146 | D:4      | Found a staircase to the Ecumenical Temple.
  2256 | D:4      | Reached XP level 6. HP: 51/53 MP: 5/5
  2307 | D:4      | Reached skill level 3 in Shields
  2473 | D:5      | Entered Level 5 of the Dungeon
  2491 | D:5      | Found a burning altar of Makhleb.
  2494 | D:5      | Found a white marble altar of Elyvilon.
  2634 | D:5      | Identified the +2 robe of Negligence {Rampage rC+ rCorr}
  2827 | D:5      | Noticed Sigmund
  2866 | D:5      | Killed Sigmund
  2867 | D:5      | Reached skill level 5 in Fighting
  2867 | D:5      | Reached skill level 5 in Axes
  2867 | D:5      | Reached XP level 7. HP: 48/61 MP: 6/6
  2994 | D:5      | Reached skill level 4 in Shields
  3002 | D:5      | Reached skill level 1 in Evocations
  3058 | D:5      | Noticed a wyvern
  3058 | D:5      | Noticed a kobold demonologist
  3270 | D:5      | Found a shimmering altar of Xom.
  3294 | D:5      | Identified the +3 trident of Sacetaq {venom, rC+ Str+4
                  | Int+2}
  3429 | D:6      | Found a broken altar of Ashenzari.
  3457 | D:6      | Reached skill level 1 in Polearms
  3457 | D:6      | Reached skill level 5 in Shields
  3457 | D:6      | Reached XP level 8. HP: 60/69 MP: 7/7
  3591 | D:6      | Reached skill level 5 in Armour
  3626 | D:6      | Found a shimmering blue altar of Sif Muna.
  3653 | D:6      | Found Facyer's Antique Weapon Shop.
  3661 | D:6      | Noticed Maggie
  3668 | D:6      | Gained mutation: You are strong-willed. (Will+) [potion of
                  | mutation]
  3668 | D:6      | Gained mutation: A frigid envelope surrounds you and
                  | freezes all who hurt you. [potion of mutation]
  3668 | D:6      | Lost mutation: A frigid envelope surrounds you and freezes
                  | all who hurt you. [potion of mutation]
  3668 | D:6      | Gained mutation: You are robust. (+10% HP) [potion of
                  | mutation]
  3701 | D:6      | Killed Maggie
  3778 | D:6      | Bought an ichor-stained war axe for 246 gold pieces
  3778 | D:6      | Identified the +3 war axe "Yrahizen" {drain, Str+3} (You
                  | bought it in a shop on level 6 of the Dungeon)
  3894 | D:6      | Reached skill level 6 in Shields
  4103 | D:6      | Found a sparkling altar of Nemelex Xobeh.
  4127 | D:7      | Reached skill level 5 in Dodging
  4161 | D:7      | Reached **** piety under Trog
  4202 | D:7      | Reached XP level 9. HP: 84/84 MP: 8/8
  4221 | D:7      | Noticed a brown ugly thing
  4231 | D:7      | Killed a brown ugly thing
  4232 | D:7      | Reached skill level 7 in Shields
  4250 | D:7      | Reached skill level 5 in Maces & Flails
  4453 | D:7      | Found a blossoming altar of Fedhas.
  4511 | D:7      | Found Ziujo's Assorted Antiques.
  4518 | D:7      | Identified the +1 great mace of Cobwebs {pain, rF+ Str+3
                  | Stlth+}
  4529 | D:7      | Noticed Pikel
  4540 | D:7      | Killed Pikel
  4541 | D:7      | Reached skill level 8 in Shields
  4541 | D:7      | Reached XP level 10. HP: 94/94 MP: 9/9
  4667 | D:7      | Noticed a boulder beetle
  4693 | D:7      | Killed a boulder beetle
  4694 | D:7      | Reached skill level 5 in Throwing
  4872 | D:7      | Noticed Prince Ribbit
  4881 | D:7      | Killed Prince Ribbit
  5496 | D:8      | Noticed a centaur warrior
  5496 | D:8      | Noticed Maurice
  5508 | D:8      | Reached skill level 9 in Shields
  5509 | D:8      | Killed a centaur warrior
  5514 | D:8      | Something stole a ring of fire
  5523 | D:8      | Something stole the +3 trident of Sacetaq {venom, rC+ Str+4
                  | Int+2}
  5537 | D:8      | Something stole 233 gold
  5539 | D:8      | Killed Maurice
  5671 | D:8      | Reached ***** piety under Trog
  5729 | D:8      | Identified the +1 ring mail "Lecot" {Dex+7}
  5740 | D:8      | Reached XP level 11. HP: 103/103 MP: 10/10
  6000 | D:8      | Noticed Grum
  6006 | D:8      | Killed Grum
  6214 | D:8      | Found an iron altar of Okawaru.
  6303 | D:8      | Found a hazy altar of Hepliaklqana.
  6303 | D:8      | Noticed Erica
  6310 | D:8      | Killed Erica
  6310 | D:8      | Received a gift from Trog
  6766 | D:9      | Noticed Gastronok
  6800 | D:9      | Killed Gastronok
  6801 | D:9      | Reached skill level 10 in Shields
  6801 | D:9      | Reached skill level 5 in Evocations
  6971 | D:9      | Paralysed by a hornet for 3 turns
  7156 | D:9      | Found a stormy altar of Qazlal.
  7276 | D:9      | Noticed a two-headed ogre
  7281 | D:9      | Killed a two-headed ogre
  7369 | D:9      | Found an opulent altar of Gozag.
  7589 | D:9      | Noticed a two-headed ogre
  7597 | D:9      | Killed a two-headed ogre
  7898 | D:10     | Entered Level 10 of the Dungeon
  7911 | D:10     | Identified the +3 leather armour of the Blind Marksman
                  | {rElec MP+9 Int+2}
  7968 | D:10     | Found a flagged portal.
  7989 | Bailey   | Entered a bailey
  8125 | Bailey   | Identified the +1 spear of Trog's Benevolence {flame, rElec
                  | Will+} (Trog gifted it to you in a bailey)
  8125 | Bailey   | Received a gift from Trog
  8181 | Bailey   | Found an iron altar of Okawaru.
  8181 | Bailey   | Noticed an orc high priest
  8190 | Bailey   | Killed an orc high priest
  8403 | Bailey   | Reached skill level 11 in Shields
  8726 | D:10     | Noticed a two-headed ogre
  8730 | D:10     | Killed a two-headed ogre
  8731 | D:10     | Reached XP level 12. HP: 102/114 MP: 11/11
  8798 | D:10     | Found a snail-covered altar of Cheibriados.
  8813 | D:10     | You fall into a shaft and drop 1 floor!
  8995 | D:11     | Found a staircase to the Lair.
  9189 | D:11     | Noticed Harold
  9198 | D:11     | Killed Harold
  9199 | D:11     | Reached skill level 10 in Maces & Flails
  9365 | D:11     | Noticed a death knight
  9369 | D:11     | Noticed a death knight
  9369 | D:11     | Noticed a death knight
  9369 | D:11     | Noticed a death knight
  9369 | D:11     | Noticed a death knight
  9373 | D:11     | Killed a death knight
  9373 | D:11     | Noticed a death knight
  9382 | D:11     | Killed by mirror damage

Illustrated notes

Levels and vault maps discovered:
D:1:      minmay_arrival_four_houses, layout_loops_ring
D:2:      layout_loops_ring, nicolae_concentric_dashed_squares_wild
D:3:      layout_rooms, mainiacjoe_overflow_24_doors,
          mainiacjoe_overflow_catwalk,
          dreamdust_ecumenical_altar_hidden_monk_grotto, uniq_terence
D:4:      layout_rooms, minmay_temple_entry_sparse_star
D:5:      layout_basic, tgw_xom, jmf_multi_god_temple,
          minmay_misc_feat_diagonals, chequers_jeans, lightli_corner_chamber,
          uniq_sigmund
D:6:      layout_cave_pools, ashenzari_altar_1, nemelex_diamond_rough_becter,
          mainiacjoe_overflow_cross_hatched, serial_shops, shop,
          minmay_manual_moon, uniq_maggie
D:7:      minmay_the_grid_triangle_9x9_rhombus_thin
          [minmay_the_grid_triangle_9x9_flanged_cone,
          minmay_the_grid_triangle_9x9_prize_top_heavy,
          minmay_the_grid_triangle_9x9_shrine,
          minmay_the_grid_triangle_9x9_pentomino_pain], layout_cave_pools,
          fedhas_altar_2, serial_shops, nicolae_shop_dealshenge,
          minmay_misc_feat_room, kennysheep_big_empty_room, uniq_prince_ribbit1,
          uniq_pikel
D:8:      nzn_winding_woodlands_small [nzn_winding_woodlands_5x15_zeroes,
          nzn_winding_woodlands_center_garden,
          nzn_winding_woodlands_5x15_crooked], layout_loops_ring,
          kennysheep_okawaru_gauntlet, worldfamousw_hep_ancestral_shrine,
          nicolae_benzene_ring, hex_tiny, uniq_grum, uniq_maurice, uniq_erica
D:9:      layout_stronghold, kennysheep_mini_moat, grunt_gozag_statues,
          uniq_gastronok
D:10:     layout_roguey, mainiacjoe_overflow_paths,
          lightli_bailey_entry_fortress
D:11:     cheibrodos_tormentor_scu, layout_rooms, erik_lair_dragon,
          minmay_misc_feat_doors, minmay_sticks_and_stones, uniq_harold

Skill      XL: |  1  2  3  4  5  6  7  8  9 10 11 12 |
---------------+-------------------------------------+-----
Axes           | 4 5 6 7 8 |  8.9
Armour         | 3 4 5 6 7 8 |  8.8
Fighting       | 4 5 6 7 8 9 |  9.5
Throwing       | 1 2 3 4 5 6 |  6.7
Shields        | 1 2 3 5 6 8 9 11 | 11.5
Dodging        | 3 4 5 6 7 8 |  8.0
Evocations     | 1 2 3 4 5 |  5.9
Polearms       | 1 2 |  2.2
Maces & Flails | 3 5 7 9 10 | 10.1

Action                     |  1- 3 |  4- 6 |  7- 9 | 10-12 || total
---------------------------+-------+-------+-------+-------++-------
  Melee: Hand axe          |   108 |   131 |    40 |       ||   279
         Headbutt          |    13 |    23 |    33 |    85 ||   154
         Trident           |       |       |    59 |       ||    59
         War axe           |       |       |    67 |   397 ||   464
         Spear             |       |       |       |    17 ||    17
  Throw: Dart              |     2 |       |     5 |     9 ||    16
         Stone             |       |     1 |    18 |       ||    19
         Throwing net      |       |       |       |     1 ||     1
 Invoke: Berserk           |       |     1 |     2 |     3 ||     6
  Evoke: Wand              |       |       |     1 |     2 ||     3
    Use: Scroll            |       |    10 |     5 |     2 ||    17
         Potion            |       |       |     8 |     3 ||    11
 Armour: Animal skin       |     7 |       |       |       ||     7
         Ring mail         |    49 |       |       |       ||    49
         Chain mail        |     2 |    93 |   109 |   202 ||   406
         Skin              |       |       |     3 |       ||     3
         Leather armour    |       |       |       |    27 ||    27
         Swamp dragon scal |       |       |       |     3 ||     3
  Dodge: Dodged            |    50 |    23 |    70 |   107 ||   250
  Block: Buckler           |    18 |    54 |    54 |       ||   126
         Reflection        |       |     3 |     2 |    12 ||    17
         Kite shield       |       |       |    54 |   304 ||   358

Table legend: (Time is in decaauts)
 A = Elapsed time spent in this place.
 B = Non-inter-level travel time spent in this place.
 C = Inter-level travel time spent in this place.
 D = Time resting spent in this place.
 E = Time spent auto-exploring this place.
 F = Levels seen in this place.
 G = Mean time per level.
                   A        B        C        D        E       F      G
               +--------+--------+--------+--------+--------+-----+--------+
         Total |   9542 |   9349 |    193 |    454 |   5843 |  12 |  795.2 |
       Dungeon |   8907 |   8714 |    193 |    454 |   5628 |  11 |  809.7 |
        Bailey |    634 |    634 |      0 |      0 |    215 |   1 |  634.0 |
               +--------+--------+--------+--------+--------+-----+--------+

Top non-repeatable levels by time:
     D:8: 1447 daAuts
     D:9: 1246 daAuts
     D:7: 1039 daAuts
     D:5: 989 daAuts
     D:2: 822 daAuts
     D:6: 809 daAuts
     D:1: 723 daAuts
  Bailey: 634 daAuts
    D:11: 569 daAuts
     D:3: 542 daAuts
     D:4: 406 daAuts
    D:10: 311 daAuts
